 Dungeon Crawl Stone Soup version 0.28-a0-265-g048bc9fd10 (webtiles) character file.

Game seed: 6683438683319984787

91 zazu2006 the Magician (level 4, -1/36 HPs)
             Began as a Naga Hedge Wizard on Aug 27, 2021.
             Slain by Sigmund (14 damage)
             ... on level 3 of the Dungeon.
             The game lasted 00:04:58 (2698 turns).

zazu2006 the Magician (Naga Hedge Wizard)           Turns: 2698, Time: 00:04:59

Health: -1/36      AC:  3    Str:  9 (12) XL:     4   Next: 59%
Magic:  4/10       EV:  9    Int: 13 (15) God:
Gold:   130        SH:  0    Dex:  8 (11) Spells: 2/11 levels left

rFire   . . .      SeeInvis +   a - +0 dagger
rCold   . . .      Faith    .   (no shield)
rNeg    . . .      Spirit   .   b - +0 robe
rPois   +          Reflect  .   c - +1 hat
rElec   .          Harm     .   (no cloak)
rCorr   .          Rampage  .   (no gloves)
Will    .....                   (no barding)
Stlth   ++........              g - amulet of the acrobat
HPRegen 0.12/turn               (no ring)
MPRegen 0.12/turn               (no ring)

@: very slow
A: AC +1, large, see invisible, deformed body, poison resistance, slowness 2,
spit poison 1, naga tail 1
a: Spit Poison


You were on level 3 of the Dungeon.
You visited 1 branch of the dungeon, and saw 3 of its levels.

You collected 130 gold pieces.

Inventory:

Hand Weapons
 a - a +0 dagger (weapon)
Armour
 b - a +0 robe (worn)
 c - a +1 hat (worn)
Jewellery
 g - an amulet of the acrobat (around neck)
Scrolls
 d - a scroll of enchant armour
 f - a scroll of identify
 h - a scroll of fear {unknown}
 i - a scroll of teleportation
Potions
 e - a potion of curing


   Skills:
 + Level 0.2 Fighting
 + Level 1.8 Dodging
 + Level 3.6 Stealth
 + Level 4.0 Spellcasting
 + Level 2.1 Conjurations
 + Level 1.2 Summonings
 + Level 1.0 Translocations
 * Level 1.2 Poison Magic


You had 2 spell levels left.
You knew the following spells:

 Your Spells              Type           Power      Damage    Failure   Level
a - Magic Dart            Conj           32%        1d4       9%          1
b - Mephitic Cloud        Conj/Pois/Air  5%         N/A       36%         3
c - Conjure Flame         Conj/Fire      5%         6-21      38%         3
d - Blink                 Tloc           N/A        N/A       21%         2

Your spell library contained the following spells:

 Spells                   Type           Power      Damage    Failure   Level
 Foxfire                  Conj/Fire      20%        2x1d5     14%         1
 Call Imp                 Summ           5%         N/A       19%         2
 Slow                     Hex            2%         N/A       30%         2
 Inner Flame              Hex/Fire       2%         N/A       52%         3


Dungeon Overview and Level Annotations

Branches:
Dungeon (3/15)

Altars:

Shops:
D:1 =

Annotations:
D:3 Grinder, Sigmund


Innate Abilities, Weirdness & Mutations

Your serpentine skin is tough. (AC +1)
You have supernaturally acute eyesight. (SInv)
Armour fits poorly on your strangely shaped body.
Your system is resistant to poisons. (rPois)
You cover ground very slowly.
You can spit poison.
You have a snake-like lower body.


Message History

You are very lightly contaminated with residual magic.
Nothing appears to happen.
Sigmund hits you from afar with a +0 scythe.
Unknown command.
Grinder blinks!
Grinder opens the door.
Sigmund misses you.
Your magical contamination has completely faded away.
Sigmund completely misses you. Sigmund casts a spell at you.
You are confused.
You bump into the rock wall.
Grinder says, "You look like you could use a good racking."
Sigmund looks at you with fury.
Grinder grins, showing sharp teeth.
Grinder blinks!
Grinder closely misses you. Grinder completely misses you.
You feel less confused. Sigmund completely misses you. Grinder gestures at you.
Pain shoots through your body!
Sigmund points at you and mumbles some strange words.
The magic dart hits you! Grinder completely misses you.
Sigmund closely misses you. Grinder hits you. Grinder gestures at you.
Pain shoots through your body!
* * * LOW HITPOINT WARNING * * *
You aren't carrying any items that you can evoke.
It was a potion of degeneration.
There was something very wrong with that liquid.
You feel weakened.
You feel dopey.
You feel clumsy. Grinder gestures at you. Pain shoots through your body!
* * * LOW HITPOINT WARNING * * *
You feel better. Sigmund closely misses you. Grinder gestures at you.
Pain shoots through your body!
* * * LOW HITPOINT WARNING * * *
You feel better.
Sigmund hits you from afar with a +0 scythe!
You die...

#..........# ##w#.#
#..........# # #.#.#
#...ยง......#####.##.#.#######.
#..............#..............
#.........####.####.#.########
..........'5......#.........#
##........####.##.#...#####.#
..........# #.##.#...#
##....)...# #@##.#...#
#........# #5##.#.#>#
#........# #@##.#+#.#
####.##### #........# #.
#........# .# . #.
#........###.#.#..
#......).....#.#..
#........#####.... #........#
#...#


You could see Grinder and Sigmund.

Vanquished Creatures
  2 adders (D:2)
  4 worms
  A dart slug (D:3)
  6 bats
  5 endoplasms
  3 giant cockroaches (D:1)
  9 goblins
  4 hobgoblins
  4 quokkas (D:1)
  4 ball pythons (D:2)
  9 frilled lizards
  3 kobolds
  5 rats
59 creatures vanquished.

Notes
Turn   | Place    | Note
-------+----------+-------------------------------------------
     0 | D:1      | zazu2006 the Naga Hedge Wizard began the quest for the Orb.
     0 | D:1      | Reached XP level 1. HP: 15/15 MP: 4/4
   172 | D:1      | Reached XP level 2. HP: 22/22 MP: 4/6
   389 | D:1      | Found Femool's Jewellery Shop.
   608 | D:1      | Found a faded altar of an unknown god.
   808 | D:1      | Reached XP level 3. HP: 28/28 MP: 0/8
   812 | D:1      | Learned a level 3 spell: Mephitic Cloud
   816 | D:1      | Learned a level 3 spell: Conjure Flame
   819 | D:1      | Learned a level 2 spell: Blink
  1598 | D:2      | Reached XP level 4. HP: 21/36 MP: 1/9
  1787 | D:2      | Reached skill level 1 in Poison Magic
  2436 | D:3      | Noticed Grinder
  2625 | D:3      | Reached skill level 4 in Spellcasting
  2658 | D:3      | Noticed Sigmund
  2698 | D:3      | Slain by Sigmund

Illustrated notes

Levels and vault maps discovered:
D:1:      dpeg_arrival_leaves_temple_mockup, layout_basic, serial_shops, shop,
          dreamdust_ecumenical_altar_statues
D:2:      layout_rooms, minmay_cupped
D:3:      layout_basic, uniq_natasha, uniq_grinder, uniq_sigmund

Skill      XL: |  1  2  3  4 |
---------------+-------------+-----
Poison Magic   | 1 |  1.2
Conjurations   | 2 |  2.1
Spellcasting   | 4 |  4.0
Fighting       | |  0.2
Dodging        | |  1.8
Stealth        | |  3.6
Summonings     | |  1.2
Translocations | |  1.0

Action                   |  1- 3 |  4- 6 || total
-------------------------+-------+-------++-------
Melee: Dagger            |    13 |    12 ||    25
 Cast: Magic Dart        |    93 |    45 ||   138
       Mephitic Cloud    |       |     2 ||     2
 Abil: Spit Poison       |    14 |     9 ||    23
  Use: Potion            |       |     3 ||     3
       Scroll            |       |     2 ||     2
 Stab: Sleeping          |     1 |       ||     1
Armor: Robe              |     4 |     4 ||     8
Dodge: Dodged            |    13 |    24 ||    37

Table legend: (Time is in decaauts)
 A = Elapsed time spent in this place.
 B = Non-inter-level travel time spent in this place.
 C = Inter-level travel time spent in this place.
 D = Time resting spent in this place.
 E = Time spent auto-exploring this place.
 F = Levels seen in this place.
 G = Mean time per level.
                   A        B        C        D        E       F      G
               +--------+--------+--------+--------+--------+-----+--------+
         Total |   3097 |   3037 |     60 |     78 |   2559 |   3 | 1032.3 |
       Dungeon |   3097 |   3037 |     60 |     78 |   2559 |   3 | 1032.3 |
               +--------+--------+--------+--------+--------+-----+--------+

Top non-repeatable levels by time:
     D:1: 1425 daAuts
     D:2: 1175 daAuts
     D:3: 496 daAuts
